 Dungeon Sprint DCSS version 0.17-a0-1805-g6093636 (webtiles) character file.

198 nuthulu the Skirmisher (level 5, -2/79 HPs)
             Began as a Minotaur Berserker on Sept 12, 2015.
             Was a Priest of Trog.
             Slain by a blue devil (5 damage)
             ... summoned by a kobold demonologist
             ... in the Dungeon (Sprint III: "The Ten Rune Challenge").
             The game lasted 00:01:45 (602 turns).

nuthulu the Skirmisher (Minotaur Berserker)          Turns: 602, Time: 00:01:45

Health: -2/79      AC:  2    Str: 26      XL:     5   Next: 47%
Magic:  3/3        EV: 14    Int:  4      God:    Trog [***...]
Gold:   24         SH:  0    Dex: 10 (11) Spells: 0 memorised, 4 levels left

rFire  . . .     SeeInvis .     a - +0 hand axe
rCold  . . .     Clarity  .     b - +0 animal skin
rNeg   . . .     SustAt   .     (no shield)
rPois  .         Gourm    .     (helmet restricted)
rElec  .         Spirit   .     (no cloak)
rCorr  .         Warding  .     (no gloves)
rMut   .         NoTele   +     (no boots)
MR     .....                    (no amulet)
Stlth  ..........               (no ring)
                                (no ring)

@: berserking (expiring), very quick, not resistant to hostile enchantments,
extremely unstealthy
A: retaliatory headbutt, horns 2, low mp 1, mutation resistance 1
a: Burn Spellbooks, Berserk, Trog's Hand, Renounce Religion


You were in the Dungeon.
You worshipped Trog.
Trog was most pleased with you.
You were not hungry.

You visited 1 branch You collected 24 gold pieces.

Inventory:

Hand weapons
 a - a +0 hand axe (weapon)
Armour
 b - a +0 animal skin (worn)
Scrolls
 d - a scroll of holy word
 f - 3 scrolls of remove curse
 i - a scroll of blinking
 j - 3 scrolls of identify
 n - a scroll of immolation
Potions
 e - a potion of heal wounds
 g - 2 potions of magic
 h - a potion of berserk rage
 l - 3 potions of cure mutation
 m - 4 potions of flight
Comestibles
 k - a fruit
 o - a meat ration


   Skills:
 + Level 7.7 Fighting
 + Level 7.7 Axes
 + Level 7.3 Armour
 + Level 6.4 Dodging


You had 4 spell levels left.
You didn't know any spells.

Dungeon Overview and Level Annotations

Branches:
Dungeon (1/1)

Altars:
Kikubaaqudgha
Sif Muna
Vehumet


Innate Abilities, Weirdness & Mutations

You reflexively headbutt those who attack you in melee.
You have a pair of horns on your head.
Your magical capacity is low (-10% MP).
You are somewhat resistant to further mutation.


Message History

The blue devil hits you!
* * * LOW HITPOINT WARNING * * *
There is an open door, spattered with blood here.
Things that are here:
a dagger; a robe; a human corpse You hit the kobold demonologist.
The kobold demonologist is heavily wounded.
You barely miss the blue devil.
Unknown command.
You hit the kobold demonologist.
Your headbutt misses the kobold demonologist.
The kobold demonologist is almost dead.
You closely miss the blue devil.
Your skin stops crawling.
You feel less resistant to hostile enchantments.
The kobold demonologist hits you with a dagger.
* * * LOW HITPOINT WARNING * * *
The ynoxinul gestures.
The blue devil hits you.
You die...

.#......#####..#
##.......#..#..#
.##.##...#..#..###+#+###+
.##.###..##+#..#.........
####.##..###...+.⌠.......
##..##.)####...#...######
....##..###....#.⌠.#
#..##...##.....#...#
..##....#......#@###
.###..##.#.....#K45# .#
#.. ####....#535# ▓▓ ▓▓▓
▓▓▓▓▓▓▓▓▓▓


You could see a kobold demonologist, a blue devil, a ynoxinul and 3 ufetubi.

Vanquished Creatures
  A water elemental (D)
  A scorpion (D)
  A wizard (D)
  Jessica (D)
  A human (D)
  An ooze (D)
  2 rats (D)
8 creatures vanquished.

Vanquished Creatures (others)
  2 draconian scorchers (D)
  A yaktaur (D)
  A fire drake (D)
  2 plants (D)
6 creatures vanquished.

Grand Total: 14 creatures vanquished

Notes
Turn   | Place    | Note
--------------------------------------------------------------
     0 | D        | nuthulu the Minotaur Berserker began the quest for the Orb.
     0 | D        | Reached XP level 1. HP: 19/19 MP: 0/0
    11 | D        | Reached skill level 4 in Fighting
    50 | D        | Acquired Trog's second power
    59 | D        | Noticed Jessica
    64 | D        | Killed Jessica
    64 | D        | Reached skill level 5 in Fighting
    64 | D        | Reached skill level 5 in Axes
    64 | D        | Reached XP level 2. HP: 27/29 MP: 1/1
    64 | D        | Reached XP level 3. HP: 33/36 MP: 2/2
   135 | D        | Killed a white draconian scorcher
   165 | D        | Killed a fire drake
   186 | D        | Reached skill level 5 in Armour
   202 | D        | Killed a white draconian scorcher
   210 | D        | Noticed a scorpion
   227 | D        | Killed a scorpion
   227 | D        | Reached skill level 6 in Fighting
   227 | D        | Reached skill level 5 in Dodging
   227 | D        | Reached XP level 4. HP: 21/45 MP: 3/3
   330 | D        | Killed a yaktaur
   414 | D        | Gained mutation: You are somewhat resistant to further mutation. [potion of mutation]
   414 | D        | Gained mutation: Your magical capacity is low (-10% MP). [potion of mutation]
   422 | D        | Noticed a water elemental
   440 | D        | Killed a water elemental
   440 | D        | Reached skill level 7 in Fighting
   440 | D        | Reached XP level 5. HP: 29/52 MP: 3/3
   580 | D        | Found a radiant altar of Vehumet.
   580 | D        | Found a deep blue altar of Sif Muna.
   580 | D        | Found an ancient bone altar of Kikubaaqudgha.
   580 | D        | Noticed a wizard
   587 | D        | Killed a wizard
   593 | D        | Noticed a blue devil
   599 | D        | Noticed a ynoxinul
   602 | D        | HP: 3/79 [kobold demonologist/dagger (4)]
   602 | D        | Slain by a blue devil

Vault maps used:
D:        dungeon_sprint_mu

Action                   |  1- 3 |  4- 6 || total
-------------------------+-------+-------++-------
Melee: Hand axe          |    19 |    29 ||    48
Invok: Berserk           |     2 |     1 ||     3
       Trog's Hand       |       |     1 ||     1
  Use: Potion            |     2 |     2 ||     4
       Scroll            |       |     3 ||     3
  Eat: Bread ration      |       |     1 ||     1
